 Dungeon Crawl Stone Soup version 0.25-a0-578-gc91f01c (webtiles) character file.

Game seed: 16460382165905965764, levelgen mode: deterministic

46 Illumine the Gusty (level 3, -2/26 HPs)
             Began as a Demigod Air Elementalist on Mar 7, 2020.
             Slain by Sigmund
             ... wielding a +0 scythe
              (4 damage)
             ... on level 2 of the Dungeon.
             The game lasted 00:03:38 (1169 turns).

Illumine the Gusty (Demigod Air Elementalist)       Turns: 1169, Time: 00:03:39

Health: -2/26      AC:  2    Str: 11    XL:     3   Next: 27%
Magic:  8/8        EV: 13    Int: 21    God:
Gold:   59         SH:  0    Dex: 16    Spells: 0/6 levels left

rFire    . . .     SeeInvis .   f - +0 dagger
rCold    . . .     Gourm    .   (no shield)
rNeg     . . .     Faith    .   a - +0 robe
rPois    .         Spirit   .   (no helmet)
rElec    .         Reflect  .   (no cloak)
rCorr    .         Harm     .   (no gloves)
MR       .....     Rnd*Tele +   (no boots)
Stlth    ++........             (no amulet)
HPRegen  0.08/turn              e - ring of teleportation (curse)
MPRegen  0.11/turn              (no ring)

@: brilliant
A: high mp 1
a: no special abilities


You were on level 2 of the Dungeon.
You were not hungry.

You visited 1 branch of the dungeon, and saw 2 of its levels.

You collected 59 gold pieces.

Inventory:

Hand Weapons
 f - a +0 dagger (weapon)
Armour
 a - a +0 robe (worn)
Jewellery
 e - a cursed ring of teleportation (left hand)
Scrolls
 g - 3 scrolls of remove curse {unknown}
Comestibles
 c - 3 rations
 h - 3 chunks of flesh


   Skills:
 + Level 2.2 Dodging
 - Level 1.7 Stealth
 + Level 2.1 Spellcasting
 + Level 1.4 Conjurations
 + Level 0.6 Charms
 + Level 3.1 Air Magic


You couldn't memorise any spells.
You knew the following spells:

 Your Spells              Type           Power        Failure   Level  Hunger
a - Shock                 Conj/Air       ###.         5%          1    None
b - Swiftness             Chrm/Air       ###.....     10%         2    None
c - Static Discharge      Conj/Air       ###.....     17%         3    None

Your spell library contained the following spells:

 Spells                   Type           Power        Failure   Level  Hunger
 Airstrike                Air            ###.......   36%         4    None
 Lightning Bolt           Conj/Air       ###.......   83%         5    None


Dungeon Overview and Level Annotations

Branches:
Dungeon (2/15)

Annotations:
D:2 Sigmund


Innate Abilities, Weirdness & Mutations

You have an increased reservoir of magic. (+10% MP)


Message History

You hear some strange, mumbled words.
You are more confused.
You feel slightly jumpy.
Oops, that ring feels deathly cold.
e - a cursed ring of teleportation (left hand)
Something hits you.
* * * LOW HITPOINT WARNING * * *
Unknown command.
Sorry, you're not good enough to have a special ability.
You bump into the rock wall.
Something hits you but does no damage.
You bump into the rock wall.
Something hits you.
* * * LOW HITPOINT WARNING * * *
You're too confused to cast spells.
You're too confused to cast spells.
You're too confused!
You bump into the rock wall.
You bump into the rock wall.
Something completely misses you.
You're too confused to move!
You feel less confused. Something hits you.
You die...

#.. .# #..#............. #..##.#
##..#............. #...#.#
#...#.............
#.#.#.#########....##..........
###.#.#(#........#.####..........
........#.######.#.# ###########
###.#.###.##.# #{#.# ###.#.#
#.#<.# #.#.# ....#.###.##.# #@#.#
#####.##.....# #.#.# #.##..####
#.#.# #.##..# #.#.#
#.##..######.#.# #....(.......#.#
##################.#
................รท..#
####################


There were no monsters in sight!

Vanquished Creatures
  2 adders
  4 bats (D:1)
  2 giant cockroaches (D:1)
  2 goblins (D:1)
  4 hobgoblins
  4 jackals (D:2)
  3 kobolds (D:1)
  3 frilled lizards (D:1)
  3 rats (D:1)
27 creatures vanquished.

Notes
Turn   | Place    | Note
-------+----------+-------------------------------------------
     0 | D:1      | Illumine the Demigod Air Elementalist began the quest for
                  | the Orb.
     0 | D:1      | Reached XP level 1. HP: 14/14 MP: 5/5
   239 | D:1      | Reached skill level 1 in Conjurations
   467 | D:1      | Reached XP level 2. HP: 19/20 MP: 5/7
   479 | D:1      | Learned a level 2 spell: Swiftness
   593 | D:1      | Reached skill level 3 in Air Magic
  1027 | D:2      | Reached XP level 3. HP: 26/26 MP: 1/8
  1119 | D:2      | Learned a level 3 spell: Static Discharge
  1133 | D:2      | Noticed Sigmund
  1169 | D:2      | Slain by Sigmund

Levels and vault maps discovered:
D:1:      dpeg_arrival_round_c, layout_rooms
D:2:      layout_basic, chequers_temple_overflow_minitemple, lemuel_round_altar,
          chequers_serial_rivers_micro_b, uniq_sigmund

Skill      XL: |  1  2 |
---------------+-------+-----
Conjurations   | 1 |  1.4
Dodging        | 2 |  2.2
Spellcasting   | 2 |  2.1
Air Magic      | 3 |  3.1
Stealth        | |  1.7
Charms         | |  0.6

Action                   || total
-------------------------++-------
Melee: Dagger            ||    26
       Unarmed           ||     1
 Cast: Shock             ||    46
  Use: Potion            ||     2
 Stab: Sleeping          ||     1
  Eat: Chunk             ||     1
Armor: Robe              ||    12
Dodge: Dodged            ||    53

Table legend:
 A = Non-vault XP
 B = Vault XP
 C = Vault XP percentage of total XP
 D = Non-vault monster count
 E = Vault monster count
 F = Vault count percentage of total count
                 A         B        C        D         E       F
            +---------+---------+-------+---------+---------+-------
      Total |      67 |       0 |   0.0 |      27 |       0 |   0.0
            +---------+---------+-------+---------+---------+-------
        D:1 |      44 |       0 |   0.0 |      21 |       0 |   0.0
        D:2 |      23 |       0 |   0.0 |       6 |       0 |   0.0
            +---------+---------+-------+---------+---------+-------
